 Dungeon Crawl Stone Soup version 0.26-a0-690-gcb57259078 (webtiles) character file.

Game seed: 14530734952846791785

769222 miscthings the Acrobat (level 26, -16/132 HPs)
             Began as a Felid Ice Elementalist on Oct 23, 2020.
             Was the Champion of Sif Muna.
             Killed from afar by a hellion (25 damage)
             ... with damnation
             ... on level 2 of Tartarus on Oct 24, 2020.
             The game lasted 06:21:21 (86247 turns).

miscthings the Acrobat (Felid Ice Elementalist)    Turns: 86247, Time: 06:21:22

Health: -16/132    AC:  3    Str: 10    XL:     26   Next: 30%
Magic:  26/46      EV: 40    Int: 33    God:    Sif Muna [******]
Gold:   6570       SH:  0    Dex: 20    Spells: 7/62 levels left
                                        Lives:  0   Deaths: 8

rFire    + . .     SeeInvis +     - Unarmed
rCold    + . .     Faith    .   (shield unavailable)
rNeg     + . .     Spirit   .   (armour unavailable)
rPois    +         Reflect  .   (helmet unavailable)
rElec    .         Harm     .   (cloak unavailable)
rCorr    .         Rampage  .   (gloves unavailable)
MR       +++..                  (boots unavailable)
Stlth    ++++++++..             t - amulet of regeneration
HPRegen  0.72/turn              a - ring of Mybrimeu {rPois rF+ Str+6 Slay+4 Stlth-}
MPRegen  0.30/turn              k - ring of the Leaf {rN+ Int+6}

@: death's door cooldown, studying Spellcasting, quick
A: very small, no armour, no weapons or thrown items, stealth, claws 1, fangs 3,
thin skeletal structure 1, see invisible, deterioration 1, speed 1, screaming 1,
shaggy fur 3, sharp paws
}: 10/15 runes: decaying, slimy, silver, abyssal, demonic, glowing, magical,
fiery, dark, gossamer
a: Channel Magic, Forget Spell, Divine Exegesis, Renounce Religion


You were on level 2 of Tartarus.
You worshipped Sif Muna.
Sif Muna was exalted by your worship.
You visited 14 branches of the dungeon, and saw 61 of its levels.
You visited Pandemonium 1 time, and saw 19 of its levels.
You visited the Abyss 2 times.
You also visited: Trove, Ice Cave and Desolation.

You collected 12000 gold pieces.
You spent 5430 gold pieces at shops.

Inventory:

Jewellery
 a - the ring of Mybrimeu (left paw) {rPois rF+ Str+6 Slay+4 Stlth-}
   (You acquired it on level 4 of the Vaults)

   [ring of slaying]

   It affects your strength (+6).
   It affects your accuracy and damage with ranged weapons and melee attacks
   (+4).
   It protects you from fire.
   It protects you from poison.
   It makes you less stealthy.
 k - the ring of the Leaf (right paw) {rN+ Int+6}
   (You found it on level 5 of the Vaults)

   [ring of intelligence]

   It affects your intelligence (+6).
   It protects you from negative energy.
 t - an amulet of regeneration (around neck)
 C - the amulet of Butchery {Reflect +Fly MP+9 Slay+3 SH+5}
   (You acquired it on level 1 of the Realm of Zot)

   [amulet of reflection]

   It shields you and reflects attacks.
   It affects your accuracy and damage with ranged weapons and melee attacks
   (+3).
   It affects your magic capacity (+9).
   It lets you fly.
   It affects your SH (+5).
 N - the ring of Xom's Passing Interest {*Slow rPois rC++ MP+9 SInv}
   (You found it in Pandemonium)

   [ring of magical power]

   It greatly protects you from cold.
   It protects you from poison.
   It affects your magic capacity (+9).
   It lets you see invisible.
   It may slow you when you take damage.
 Q - an uncursed ring of protection from fire
 Y - an uncursed ring of wizardry
Wands
 f - a wand of iceblast (26)
 y - a wand of digging (2)
 D - a wand of flame (79)
 F - a wand of random effects (80)
 R - a wand of disintegration (53)
 S - a wand of polymorph (53)
 T - a wand of enslavement (11)
 V - a wand of paralysis (40)
 X - a wand of acid (29)
Scrolls
 c - 20 scrolls of remove curse
 e - 6 scrolls of magic mapping
 g - 13 scrolls of fear
 h - 4 scrolls of fog
 j - 40 scrolls of identify {@r1}
 n - 8 scrolls of teleportation
 o - 2 scrolls of torment
 p - 6 scrolls of amnesia
 w - 7 scrolls of silence
 z - a scroll of summoning
 B - 9 scrolls of immolation
 P - 6 scrolls of vulnerability
 U - 3 scrolls of blinking
Potions
 b - 20 potions of curing
 d - 7 potions of might
 i - 5 potions of haste
 l - 12 potions of brilliance
 m - 2 potions of cancellation
 r - 15 potions of lignification
 s - 13 potions of flight
 v - 9 potions of berserk rage
 x - 2 potions of mutation
 A - 4 potions of invisibility
 E - 9 potions of stabbing
 I - 3 potions of magic
 J - a potion of resistance
 L - 4 potions of ambrosia
Books
 O - a manual of Spellcasting
Miscellaneous
 u - a lightning rod (4/4)
 G - a tin of tremorstones (3/3)
 H - a phantom mirror
 K - a box of beasts (2/3)
 M - a condenser vane (2/2)
 W - a phial of floods
 Z - the horn of Geryon


   Skills:
 * Level 20.8 Fighting
 * Level 25.6 Dodging
 + Level 18.9 Stealth
 - Level 20.2 Unarmed Combat
 + Level 18.6 Spellcasting
 - Level 10.0 Hexes
 + Level 17.5 Summonings
 - Level 15.0 Translocations
 - Level 14.0 Transmutations
 - Level 12.9 Ice Magic
 - Level 10.0 Earth Magic
 - Level 12.0 Invocations
 - Level 14.0 Evocations


You had 7 spell levels left.
You knew the following spells:

 Your Spells              Type           Power        Failure   Level
a - Frozen Ramparts       Ice            ######       1%          3
b - Blink                 Tloc           N/A          0%          2
c - Shadow Creatures      Summ           N/A          1%          6
d - Lee's Rapid Deconstr  Erth           #######...   1%          5
e - Statue Form           Tmut/Erth      #######..    1%          6
f - Malign Gateway        Summ/Tloc      #######...   1%          7
g - Summon Forest         Summ/Tloc      #######...   1%          5
h - Apportation           Tloc           ######       0%          1
r - Passage of Golubria   Tloc           N/A          1%          4
s - Borgnjor's Vile Clut  Necr/Erth      ######....   4%          5
x - Summon Mana Viper     Hex/Summ       #######.     1%          5
z - Ozocubu's Refrigerat  Ice            #######...   1%          6

Your spell library contained the following spells:

 Spells                   Type           Power        Failure   Level
 Beastly Appendage        Tmut           ######       0%          1
 Freeze                   Ice            ####         0%          1
 Summon Small Mammal      Summ           ####         0%          1
 Call Imp                 Summ           #######.     0%          2
 Ensorcelled Hibernation  Hex/Ice        ######       0%          2
 Passwall                 Tmut/Erth      #######.     0%          2
 Wereblood                Tmut           #######.     0%          2
 Call Canine Familiar     Summ           #######.     0%          3
 Gell's Gravitas          Tloc           #######...   0%          3
 Lesser Beckoning         Tloc           #######...   0%          3
 Summon Guardian Golem    Hex/Summ       #######.     0%          3
 Teleport Other           Tloc           #######.     0%          3
 Animate Skeleton         Necr           ####..       1%          1
 Corona                   Hex            #######      1%          1
 Foxfire                  Conj/Fire      ####         1%          1
 Magic Dart               Conj           ####         1%          1
 Pain                     Necr           ####         1%          1
 Sandblast                Erth           ######       1%          1
 Shock                    Conj/Air       ####         1%          1
 Sting                    Tmut/Pois      ####         1%          1
 Corpse Rot               Necr/Air       N/A          1%          2
 Poisonous Vapours        Pois/Air       ####..       1%          2
 Searing Ray              Conj           ####..       1%          2
 Slow                     Hex            #######.     1%          2
 Sublimation of Blood     Necr           ####......   1%          2
 Swiftness                Air            ####....     1%          2
 Confusing Touch          Hex            #######.     1%          3
 Dazzling Flash           Conj/Hex       ######       1%          3
 Ignite Poison            Fire/Tmut/Pois ######..     1%          3
 Inner Flame              Hex/Fire       ######..     1%          3
 Ozocubu's Armour         Ice            #######.     1%          3
 Spider Form              Tmut/Pois      ######....   1%          3
 Stone Arrow              Conj/Erth      ######       1%          3
 Tukima's Dance           Hex            #######.     1%          3
 Cause Fear               Hex            #######...   1%          4
 Fulminant Prism          Conj/Hex       ######....   1%          4
 Hailstorm                Conj/Ice       ######..     1%          4
 Ice Form                 Ice/Tmut       #######.     1%          4
 Iskenderun's Mystic Bla  Conj/Tloc      ######..     1%          4
 Leda's Liquefaction      Hex/Erth       #######...   1%          4
 Petrify                  Tmut/Erth      #######.     1%          4
 Summon Ice Beast         Ice/Summ       #######.     1%          4
 Summon Lightning Spire   Summ/Air       ######..     1%          4
 Alistair's Intoxication  Tmut/Pois      ######...    1%          5
 Blade Hands              Tmut           #######...   1%          5
 Irradiate                Conj/Tmut      ######....   1%          5
 Metabolic Englaciation   Hex/Ice        #######...   1%          5
 Summon Demon             Summ           #######...   1%          5
 Yara's Violent Unravell  Hex/Tmut       #######...   1%          5
 Dispersal                Tloc           #######...   1%          6
 Hydra Form               Tmut           #######...   1%          6
 Monstrous Menagerie      Summ           #######...   1%          7
 Summon Greater Demon     Summ           #######...   1%          7
 Summon Hydra             Summ           #######...   1%          7
 Conjure Flame            Conj/Fire      ####....     3%          3
 Mephitic Cloud           Conj/Pois/Air  ####....     3%          3
 Static Discharge         Conj/Air       ####....     3%          3
 Vampiric Draining        Necr           ####......   3%          3
 Invisibility             Hex            #######.     3%          6
 Dragon Form              Tmut           #######...   3%          7
 Silence                  Hex/Air        ######....   4%          5
 Bolt of Magma            Conj/Fire/Erth ######....   9%          5
 Eringya's Noxious Bog    Tmut/Pois      ######....   11%         6
 Airstrike                Air            ####......   12%         4
 Animate Dead             Necr           ####......   12%         4
 Dispel Undead            Necr           ####....     12%         4
 Olgreb's Toxic Radiance  Pois           ####....     12%         4
 Sticky Flame             Conj/Fire      ####....     12%         4
 Simulacrum               Ice/Necr       ######....   13%         6
 Iron Shot                Conj/Erth      ######....   24%         6
 Haunt                    Necr/Summ      ######....   26%         7
 Spellforged Servitor     Conj/Summ      ######....   26%         7
 Freezing Cloud           Conj/Ice/Air   ######....   30%         6
 Agony                    Necr           ####....     32%         5
 Fireball                 Conj/Fire      ####......   32%         5
 Iskenderun's Battlesphe  Conj           ####....     32%         5
 Lightning Bolt           Conj/Air       ####......   32%         5
 Conjure Ball Lightning   Conj/Air       ####......   88%         6
 Death Channel            Necr           ####......   88%         6
 Starburst                Conj/Fire      ####......   88%         6
 Orb of Destruction       Conj           ####......   100%        7
 Summon Horrible Things   Summ           #######...   6%          8
 Disjunction              Tloc           #######...   17%         8
 Dragon's Call            Summ           #######...   65%         9
 Discord                  Hex            #######...   78%         8
 Necromutation            Tmut/Necr      ######....   99%         8
 Absolute Zero            Ice            #######...   99%         9
 Borgnjor's Revivificati  Necr           ####......   100%        8
 Chain Lightning          Conj/Air       ####......   100%        8
 Ignition                 Fire           ####......   100%        8
 Infestation              Necr           ####......   100%        8
 Lehudib's Crystal Spear  Conj/Erth      ######....   100%        8
 Death's Door             Necr           ####......   100%        9
 Fire Storm               Conj/Fire      ####......   100%        9
 Shatter                  Erth           #######...   100%        9
 Tornado                  Air            ####......   100%        9
 Portal Projectile        Hex/Tloc       Unusable     N/A         3
 Excruciating Wounds      Necr           Unusable     N/A         5

Dungeon Overview and Level Annotations

Branches:
Dungeon (15/15)            Temple (1/1) D:6            Lair (6/6) D:8
  Swamp (4/4) Lair:3       Spider (4/4) Lair:2        Slime (5/5) Lair:6
    Orc (2/2) D:9             Elf (3/3) Orc:2        Vaults (5/5) D:13
  Crypt (3/3) Vaults:2       Tomb (0/3) Crypt:3      Depths (5/5) D:15
   Hell (visited)             Dis (0/7) Hell            Geh (0/7) Hell
    Coc (0/7) Hell            Tar (2/7) Hell            Zot (5/5) Depths:5
  IceCv (visited)         Desolation (visited)

Altars:
Ashenzari
Cheibriados
Dithmenos
Elyvilon
Fedhas
Gozag
Hepliaklqana
Kikubaaqudgha
Makhleb
Nemelex Xobeh
Okawaru
Qazlal
Ru
Sif Muna
Trog
Uskayaw
Vehumet
Wu Jian
Xom
Yredelemnul
Zin
The Shining One
Beogh
Jiyva

Shops:
D:4 *   D:5 (   D:7 (   D:9 (   D:11 }   D:14 [   Orc:2 [:[**   Elf:2 *
Vaults:1 [(**(   Vaults:4 ?**=[

Portals:
Hell: Depths:1 Depths:2 Depths:3 Depths:4 Depths:5
Abyss: Depths:3 Depths:4
Pandemonium: Orc:2 Depths:1 Depths:3 Depths:4
Ziggurat: Depths:3

Annotations:
D:12 exclusion: downstairs
Elf:2 3 runed translucent doors
Zot:5 1 exclusion


Innate Abilities, Weirdness & Mutations

You cannot wear armour.
You are incapable of wielding weapons or throwing items.
Your paws allow you to move quietly. (Stealth)
You have sharp claws.
You have razor-sharp teeth.
You have supernaturally acute eyesight. (SInv)
You cover ground quickly.
Your thick and shaggy fur keeps you warm. (AC +3, rC+)
Your sharp claws are effective at attacking unaware monsters.
You have a somewhat thin skeletal structure. (Dex +2, Stealth)
Your body sometimes deteriorates upon taking damage.
You occasionally shout uncontrollably at your foes.


Message History

The shadow dragon completely misses you.
The shadow dragon closely misses you.
The shadow dragon completely misses you.
You scratch the shadow dragon.
The shadow dragon is almost dead.
Your elder oxbat beast hits the shadow dragon but does no damage.
Your elder oxbat beast tramples the shadow dragon!!
The shadow dragon holds its ground!
The shadow dragon dies!
Sif Muna accepts your kill.
Your transformation is almost over.
Your time is quickly running out!
You revert to your normal fleshy form.
You feel yourself speed up.
Your life is in your own hands again!
A hellion comes into view.
You hiss at the hellion!
The hellion gives a hideous shriek!
The hellion gestures at you.
The sphere of damnation explodes!
The damnation engulfs you!!
You die...

#........##.##
#....##....#.#...##
##.. ##†...#.....##
## ##.†..#.....##
##....#.....##
##....#.....##
##....#.....#
##H...#....
##@...## ##....##
##....## ##....##
##...2## ##.)..##
##)...##
#.....#.)).##
##..zz##∩...#


You could see a hellion and a friendly elder oxbat beast (summoned).

Vanquished Creatures
  Cerebov (Pan)
  A pandemonium lord (Pan)
  the Royal Jelly (Slime:5)
  Dissolution (Slime:4)
  Gloorx Vloq (Pan)
  A seraph (Pan)
  Lom Lobon (Pan)
  Mnoleg (Pan)
  An orb of fire (Zot:5)
  An ancient lich (Vaults:5)
  A juggernaut (Depths:5)
  Bai Suzhen (Crypt:1)
  Margery (Depths:3)
  A caustic shrike (Depths:4)
  5 curse toes
  11 golden dragons
  Jory (Depths:3)
  Arachne (Spider:4)
  2 doom hounds (Tar:2)
  3 Tzitzimimeh
  2 electric golems
  4 Brimstone Fiends (Pan)
  6 liches
  11 tentacled monstrosities
  A Hell Sentinel (Pan)
  3 deep elf blademasters (Elf:3)
  A deep elf master archer (Vaults:1)
  6 titans
  7 acid blobs
  5 ancient champions
  7 quicksilver dragons
  6 death cobs
  An eldritch tentacle (Zot:4)
  A thorn hunter (Abyss:3)
  2 tentacled starspawn (Abyss:2)
  13 Executioners (Pan)
  A sphinx (Vaults:4)
  8 shadow dragons
  3 revenants
  9 storm dragons
  8 tengu reavers
  3 fire giants
  12 draconian monks
  15 vault wardens
  Roxanne (Elf:1)
  5 daevas (Pan)
  Kirke (Lair:6)
  12 azure jellies (Slime:5)
  5 frost giants
  11 balrugs
  An iron dragon (Depths:4)
  7 ghost moths
  4 draconian scorchers
  6 deep elf sorcerers
  4 draconian knights
  Louise (Elf:1)
  A warmonger (Pan)
  2 emperor scorpions
  A caustic shrike zombie (Hell)
  An imperial myrmidon (Desolation)
  A juggernaut zombie (Crypt:1)
  5 cacodemons (Pan)
  8 ghouls
  6 curse skulls
  A draconian shifter (Zot:4)
  13 large abominations
  2 draconian stormcallers
  2 reapers (Pan)
  3 draconian annihilators
  A deep elf elementalist (Elf:3)
  19 angels (Pan)
  8 vampire knights
  12 ironheart preservers
  11 stone giants
  2 entropy weavers
  9 ophanim (Pan)
  4 black suns (Pan)
  Nessos (Orc:2)
  22 very ugly things
  2 war gargoyles (Hell)
  6 green draconians
  6 apis (Pan)
  3 deep elf demonologists (Elf:3)
  A corrupter (Pan)
  2 deep elf annihilators
  7 black draconians
  12 purple draconians
  9 white draconians
  4 lorocyprocas
  10 yellow draconians
  7 red draconians
  5 spark wasps
  5 deep elf death magi
  5 green deaths
  2 eidola
  2 mummy priests (Crypt:3)
  2 ettins
  A great orb of eyes (Vaults:2)
  3 fire dragons
  A ragged hierophant (Desolation)
  12 yaktaur captains
  4 blizzard demons (Pan)
  2 death oozes (Slime:5)
  2 merfolk javelineers
  12 jiangshi
  A kraken zombie (Hell)
  2 quicksilver dragon skeletons
  4 deep elf high priests (Elf:3)
  2 servants of whispers (Desolation)
  A spriggan air mage (Depths:4)
  2 hell beasts
  2 shambling mangroves
  Erolcha (D:10)
  A ghost crab (Swamp:3)
  4 peacekeepers (Desolation)
  4 boulder beetles
  An ice dragon (Vaults:2)
  32 vault guards
  8 hydras
  A naga warrior (Vaults:1)
  3 centaur warriors
  5 monstrous demonspawn
  Erica (D:9)
  An alligator (shapeshifter) (Vaults:5)
  11 rakshasas
  37 two-headed ogres
  A catoblepas (Lair:5)
  3 dancing weapons
  8 tengu warriors
  13 ogre magi
  3 deep troll shamans
  3 death knights
  4 death yaks
  2 deep troll earth magi
  6 hell hogs (Hell)
  A shock serpent (shapeshifter) (Depths:2)
  A death yak (shapeshifter) (Vaults:5)
  A titan zombie (Depths:3)
  5 orc high priests (Orc:2)
  3 shock serpents (Pan)
  5 vampire magi
  A thrashing horror (Abyss:2)
  11 soul eaters
  2 spriggan berserkers
  13 deep elf knights
  An iron golem (Hell)
  Sonja (D:13)
  17 sun demons
  9 hell knights
  12 skeletal warriors
  14 shadow wraiths
  A sea snake (Lair:6)
  12 sixfirhies
  An iron troll (Depths:3)
  7 unseen horrors
  7 flayed ghosts
  9 cherubim (Pan)
  2 death drakes (Depths:5)
  3 storm dragon skeletons
  A golden dragon zombie (Hell)
  2 gelid demonspawn (Pan)
  A swamp dragon (shapeshifter) (Vaults:4)
  3 torturous demonspawn
  5 glowing orange brains
  3 shadow demons (Pan)
  A swamp dragon (Swamp:3)
  8 deep trolls
  13 orc knights
  4 lindwurms
  3 infernal demonspawn
  11 phantasmal warriors
  An orange crystal statue (D:15)
  8 necromancers
  A sphinx zombie (Vaults:2)
  A shadow dragon zombie (Depths:4)
  8 deep elf archers
  4 wizards
  An anaconda zombie (Hell)
  4 wolf spider zombies
  A mana viper (D:13)
  A fire giant zombie (Crypt:2)
  6 harpies
  19 wolf spiders
  13 ironbrand convokers
  12 orb spiders
  7 orc sorcerers
  A stone giant zombie (Hell)
  2 cyclopes
  25 ugly things
  21 deep elf magi
  An oklob plant (Lair:1)
  2 manticores
  A sphinx skeleton (Vaults:1)
  5 worldbinders
  7 elephants
  29 moths of wrath
  2 elf zombies
  A fire giant skeleton (Vaults:1)
  Maurice (Orc:1)
  2 guardian serpents (Desolation)
  A guardian serpent (shapeshifter) (Vaults:3)
  2 ice statues (IceCv)
  2 torpor snails
  2 naga magi
  15 smoke demons
  9 apocalypse crabs (Zot:2)
  3 black mambas
  A rust devil (Hell)
  A gargoyle (D:8)
  An elephant slug zombie (Crypt:1)
  14 cane toads
  8 orange demons
  A dire elephant skeleton (Pan)
  An emperor scorpion zombie (Crypt:2)
  10 vault sentinels
  2 rime drakes
  6 komodo dragons
  2 yaktaurs (shapeshifter)
  2 spriggan zombies (Hell)
  5 hellions
  6 freezing wraiths
  2 efreet
  19 demonic crawlers
  3 tengu conjurers
  33 yaktaurs
  A red draconian zombie (Crypt:1)
  7 ice devils
  6 tormentors
  A human skeleton (Vaults:2)
  10 hellwings
  A harpy zombie (Tar:2)
  An iron troll skeleton (Crypt:3)
  5 red devils
  4 meliai
  A hydra skeleton (Hell)
  A guardian mummy (Crypt:3)
  3 trolls
  A grey draconian skeleton (Crypt:3)
  2 wind drakes (Depths:5)
  44 jumping spiders
  2 harpy skeletons
  An ancient zyme (Abyss:3)
  A silent spectre (Tar:1)
  A queen bee (shapeshifter) (Vaults:2)
  3 polar bears (Lair:6)
  17 hornets
  2 bog bodies
  10 slime creatures
  28 saltlings (Desolation)
  Prince Ribbit (Lair:3)
  A fire dragon zombie (Hell)
  4 dream sheep
  A blink frog (Lair:3)
  2 alligator zombies (Hell)
  An ettin zombie (Vaults:1)
  A frost giant simulacrum (Depths:3)
  46 redbacks
  A black mamba zombie (Crypt:3)
  2 spriggans (Depths:4)
  6 ynoxinuls
  A tarantella (shapeshifter) (D:15)
  An ettin skeleton (Pan)
  7 flying skulls (Tar:2)
  An ushabti (Crypt:3)
  9 water elementals
  2 spriggans (shapeshifter)
  A hog (shapeshifter) (D:15)
  9 wraiths
  10 shadows
  5 fire elementals
  44 yaks
  29 tarantellas
  5 wyverns
  2 hogs (Lair:5)
  4 chaos spawn (Pan)
  10 neqoxecs (Pan)
  2 black mamba skeletons (Pan)
  A golden eye (Slime:3)
  3 humans (D:13)
  17 vampire mosquitoes
  3 wargs
  Edmund (D:5)
  A soldier ant (D:11)
  A swamp worm (Swamp:1)
  A hydra simulacrum (Hell)
  A warg (shapeshifter) (D:15)
  2 insubstantial wisps
  2 acid dragons (Vaults:2)
  17 water moccasins
  A merfolk zombie (Crypt:1)
  An orb spider zombie (Crypt:3)
  6 hell hounds
  3 sky beasts
  A water nymph skeleton (Crypt:2)
  A deep troll skeleton (Crypt:1)
  33 orc warriors
  3 swamp drakes
  7 ice beasts
  A black bear (shapeshifter) (Vaults:4)
  An eye of draining (shapeshifter) (Depths:2)
  A phantom (Tar:2)
  A necrophage (Tar:2)
  13 boggarts
  An eye of draining (Slime:5)
  33 ogres
  7 wolves
  8 centaurs
  5 nameless horrors
  A big kobold (D:8)
  11 bullfrogs
  A wyvern zombie (D:9)
  A cane toad simulacrum (Hell)
  A cyclops skeleton (Crypt:2)
  2 killer bees (D:13)
  5 wights
  A warg skeleton (Crypt:3)
  An electric eel (Lair:5)
  A crimson imp (Depths:1)
  7 howler monkeys
  A quasit (D:14)
  2 jellies
  18 orc priests
  5 hounds
  Crazy Yiuf (D:2)
  16 orc wizards
  An iron imp (Hell)
  4 iguanas
  Terence (D:2)
  Natasha (thrice) (D:3)
  4 hell rats (Lair:4)
  12 worker ants
  2 tengu zombies
  An acid dragon skeleton (Crypt:2)
  A gnoll (D:6)
  18 adders
  A white imp (D:6)
  3 ufetubi
  An ooze (D:2)
  An adder skeleton (D:10)
  An iguana skeleton (Crypt:3)
  5 worms
  A barachi skeleton (Crypt:1)
  4 dart slugs
  5 leopard geckos
  67 orcs
  9 bats
  A bat zombie (Crypt:3)
  8 giant cockroaches
  12 goblins
  9 hobgoblins
  9 jackals
  10 kobolds
  3 quokkas
  A ball python (D:2)
  A frilled lizard (shapeshifter) (Vaults:3)
  8 frilled lizards
  A frilled lizard zombie (Crypt:1)
  A hobgoblin skeleton (Crypt:2)
  A quokka zombie (D:8)
  8 rats
  6 blocks of ice
  A butterfly (Lair:4)
  A crawling corpse (Elf:3)
  A tentacle (Hell)
2031 creatures vanquished.

Vanquished Creatures (collateral kills)
  A juggernaut (Depths:4)
  A pandemonium lord (Pan)
  Geryon (Hell)
  A curse toe (Zot:2)
  3 golden dragons
  The ghost of TPoD the Slayer, an adept HOMo of Beogh (Vaults:1)
  2 profane servitors (Crypt:3)
  An electric golem (Zot:1)
  2 Tzitzimimeh (Pan)
  Rupert (D:13)
  10 tentacled monstrosities
  3 liches
  2 deep elf master archers (Elf:3)
  2 quicksilver dragons (Zot:1)
  2 deep elf blademasters (Abyss:3)
  A death cob (Zot:1)
  6 ancient champions
  10 acid blobs
  An eldritch tentacle (Hell)
  2 Executioners (Pan)
  5 thorn hunters
  Frances (Elf:1)
  3 sphinxes
  2 draconian monks
  3 storm dragons
  6 shadow dragons
  A tengu reaver (Abyss:3)
  2 revenants
  A fire giant (shapeshifter) (Vaults:5)
  A blood saint (Pan)
  2 azure jellies
  4 fire giants (Vaults:5)
  5 deep elf sorcerers
  2 draconian knights
  5 cacodemons (Pan)
  An orc warlord (Vaults:1)
  An iron dragon (Depths:5)
  2 frost giants
  2 balrugs
  2 warmongers (Pan)
  5 draconian shifters
  2 imperial myrmidons (Desolation)
  4 draconian scorchers
  6 vault wardens
  An emperor scorpion (Spider:4)
  5 deep elf elementalists
  A ghost moth (Spider:4)
  An angel (Pan)
  3 very ugly things
  4 draconian annihilators
  4 ghouls
  3 ophanim (Pan)
  11 ironheart preservers
  A stone giant (shapeshifter) (Vaults:5)
  A black sun (Pan)
  4 reapers
  An entropy weaver (Vaults:2)
  A halazid warlock (Desolation)
  2 stone giants
  A vampire knight (Crypt:3)
  A corrupter (Pan)
  2 lorocyprocas
  Azrael (D:12)
  3 apis (Pan)
  4 green draconians
  6 deep elf annihilators
  4 deep elf demonologists
  4 black draconians
  6 yellow draconians
  5 purple draconians
  A spark wasp (Depths:1)
  7 red draconians
  2 white draconians (Zot:3)
  A dire elephant (Abyss:3)
  2 blizzard demons (Pan)
  Snorg (D:10)
  4 deep elf death magi
  2 eidola
  2 crystal guardians (Desolation)
  7 ettins
  5 green deaths
  The ghost of ringo67 the Grappler, a journeyman TrMo of Yredelemnul (Lair:1)
  3 death oozes (Slime:5)
  3 fire dragons
  2 yaktaur captains
  2 jiangshi
  Fannar (D:10)
  2 rakshasas
  5 ragged hierophants (Desolation)
  Harold (Orc:1)
  5 deep elf high priests
  10 ice dragons
  10 servants of whispers (Desolation)
  6 great orbs of eyes
  2 peacekeepers (Desolation)
  A quicksilver dragon skeleton (Hell)
  A monstrous demonspawn (Pan)
  7 boulder beetles
  A spriggan air mage (Depths:5)
  5 centaur warriors
  16 hydras
  A merfolk avatar (Lair:6)
  2 vault guards
  4 shambling mangroves
  3 ghost crabs
  4 ogre magi
  26 two-headed ogres
  3 deep troll earth magi
  5 alligators
  5 deep troll shamans
  A death knight (Crypt:2)
  18 dancing weapons
  5 death yaks
  A small abomination (Elf:3)
  2 spriggan berserkers
  6 sun demons
  9 soul eaters
  2 orc high priests (Orc:2)
  A storm dragon zombie (Crypt:2)
  A fire crab (shapeshifter) (Depths:4)
  9 deep elf knights
  16 skeletal warriors
  An iron troll (Depths:2)
  6 hell knights
  7 sixfirhies (Pan)
  2 shadow wraiths
  2 storm dragon skeletons
  13 deep trolls
  4 swamp dragons (Swamp:4)
  3 infernal demonspawn (Pan)
  4 unseen horrors (Crypt:1)
  An anaconda zombie (Tar:1)
  A spriggan druid (Swamp:3)
  4 cherubim (Pan)
  A shadow demon (Pan)
  3 wizards
  6 deep elf archers
  4 harpies
  A wolf spider zombie (Crypt:3)
  2 flayed ghosts
  4 phantasmal warriors
  2 gelid demonspawn
  10 ironbrand convokers
  8 orc knights
  39 deep elf magi
  6 necromancers
  2 tengu zombies
  An orc sorcerer (Elf:3)
  12 orb spiders
  4 frost giant zombies
  3 shining eyes
  19 wolf spiders
  12 ugly things
  2 fire giant skeletons
  A manticore (D:15)
  2 oklob plants
  2 worldbinders (Abyss:3)
  2 cyclopes
  2 salamanders (shapeshifter)
  3 moths of wrath
  A black mamba (shapeshifter) (Vaults:1)
  3 rust devils (Hell)
  5 orange demons (Pan)
  A spriggan zombie (Hell)
  10 elephants
  A naga mage (D:15)
  2 smoke demons (Pan)
  A gargoyle (D:11)
  A stone giant skeleton (Crypt:2)
  3 vault sentinels
  A guardian serpent (Desolation)
  11 cane toads
  3 molten gargoyles
  A guardian serpent (shapeshifter) (Depths:5)
  4 centaur skeletons
  A storm dragon simulacrum (Vaults:5)
  17 yaktaurs
  2 tormentors (Pan)
  5 komodo dragons
  7 rime drakes
  5 ice devils
  13 demonic crawlers
  A guardian mummy (Crypt:3)
  4 freezing wraiths
  2 hellwings
  An anaconda simulacrum (Hell)
  A human skeleton (Vaults:1)
  A tengu conjurer (Vaults:2)
  16 jumping spiders
  6 tyrant leeches
  3 trolls
  4 red devils
  13 hornets
  A meliai (shapeshifter) (Elf:3)
  2 polar bears (Lair:3)
  7 dream sheep
  39 slime creatures
  2 wind drakes (Depths:5)
  33 saltlings (Desolation)
  An ettin zombie (Crypt:3)
  8 bog bodies
  5 blink frogs (Lair:3)
  An alligator zombie (Crypt:3)
  4 large abominations
  A human simulacrum (Vaults:1)
  16 redbacks
  A slime creature (shapeshifter) (Elf:3)
  A raiju (shapeshifter) (Depths:2)
  2 flying skulls (Tar:2)
  A wraith (Crypt:2)
  7 water elementals
  4 spriggans
  3 shadows
  2 alligator skeletons (Hell)
  An ettin skeleton (Crypt:3)
  9 tarantellas
  7 wyverns
  A ynoxinul (Pan)
  3 chaos spawn (Pan)
  5 golden eyes (Slime:3)
  13 humans (D:13)
  21 yaks
  A basilisk (D:12)
  9 neqoxecs (Pan)
  9 fire elementals
  15 vampire mosquitoes
  A steam dragon (D:10)
  12 swamp worms
  12 insubstantial wisps
  A water moccasin (Lair:4)
  An acid dragon (D:14)
  2 hell hounds (D:12)
  A torturous demonspawn skeleton (Crypt:3)
  A floating eye (Depths:5)
  9 swamp drakes
  10 orc warriors
  A sky beast (D:14)
  A black bear (shapeshifter) (Depths:3)
  5 eyes of draining
  A necrophage (D:11)
  10 ice beasts
  A phantom (D:8)
  A blink frog zombie (Crypt:3)
  16 ogres
  A boggart (Vaults:1)
  4 centaurs
  6 wolves
  5 bullfrogs
  An earth elemental (Elf:1)
  A yaktaur skeleton (Vaults:1)
  A water moccasin zombie (D:10)
  A wyvern skeleton (D:10)
  2 killer bees (D:13)
  A howler monkey (D:14)
  5 wights
  2 nameless horrors
  5 centaur zombies
  A bullfrog zombie (D:13)
  2 quasits
  A wyvern simulacrum (D:13)
  4 jellies
  8 orc priests
  A hound (D:6)
  A jelly (shapeshifter) (Vaults:3)
  3 bullfrog skeletons
  A gnoll shaman (D:6)
  2 iguanas
  11 orc wizards
  An iron imp (Abyss:3)
  5 hell rats (Hell)
  3 worker ants
  A hound zombie (D:8)
  2 hound skeletons
  2 worker ant zombies
  2 gnolls (D:6)
  2 adders
  3 shadow imps
  5 white imps
  An ufetubus (Abyss:3)
  2 worms
  30 orcs
  3 jackals (D:6)
  3 kobolds (D:8)
  A leopard gecko zombie (D:5)
  5 crawling corpses
  A fire vortex (Pan)
  A tentacle (Hell)
1258 creatures vanquished.

Vanquished Creatures (others)
  A tentacled monstrosity (Zot:4)
  72 eldritch tentacles
  A draconian monk (Zot:4)
  2 fire giants
  A vault warden (Vaults:1)
  A draconian shifter (Zot:4)
  3 draconian annihilators
  A vampire knight (Depths:4)
  A purple draconian (Zot:4)
  2 red draconians (Zot:4)
  A white draconian (Zot:4)
  A yellow draconian (Zot:4)
  5 rakshasas
  A great orb of eyes (Slime:1)
  A deep troll earth mage (Depths:1)
  A spriggan air mage (Pan)
  2 ice dragons
  A cherub (Pan)
  A deep elf archer (Elf:2)
  A sphinx zombie (Hell)
  A phantasmal warrior (Vaults:5)
  A deep elf mage (Elf:1)
  A moth of wrath (Zot:4)
  A wyvern (Lair:5)
  An orange demon (Pan)
  2 jumping spiders (Spider:1)
  A saltling (Desolation)
  A wolf (Lair:5)
  A neqoxec (Pan)
  2 humans (Lair:6)
  An orc warrior (Orc:2)
  A swamp drake (Swamp:3)
  10 ball lightnings (Pan)
  2 blocks of ice
  A bush (Lair:6)
  70 fungi
  102 plants
  23 snaplasher vines
  7 tentacles (Hell)
329 creatures vanquished.

Grand Total: 3618 creatures vanquished

Notes
Turn   | Place    | Note
-------+----------+-------------------------------------------
     0 | D:1      | miscthings the Felid Ice Elementalist began the quest for
                  | the Orb.
     0 | D:1      | Reached XP level 1. HP: 7/7 MP: 4/4
   105 | D:1      | Reached XP level 2. HP: 2/11 MP: 0/6
   722 | D:1      | Reached XP level 3. HP: 11/14 MP: 3/7
   785 | D:1      | Learned a level 3 spell: Frozen Ramparts
  1052 | D:2      | Noticed Terence
  1063 | D:2      | Killed Terence
  1063 | D:2      | Reached skill level 5 in Ice Magic
  1063 | D:2      | Reached XP level 4. HP: 18/18 MP: 1/8
  1361 | D:2      | Found a runed translucent door.
  1362 | D:2      | Noticed Crazy Yiuf
  1387 | D:2      | Killed Crazy Yiuf
  1387 | D:2      | Reached XP level 5. HP: 21/21 MP: 5/9
  1495 | D:2      | Learned a level 4 spell: Summon Ice Beast
  1598 | D:2      | Found a hazy altar of Hepliaklqana.
  1857 | D:3      | Reached skill level 1 in Summonings
  1916 | D:3      | Noticed Natasha
  1923 | D:3      | Killed Natasha
  1945 | D:3      | Noticed Natasha
  1952 | D:3      | Killed Natasha
  1952 | D:3      | Gained mutation: You are covered in thick fur. (AC +2)
                  | [Felid growth]
  1952 | D:3      | Reached XP level 6. HP: 10/24 MP: 4/10
  2411 | D:3      | Noticed Natasha
  2417 | D:3      | Killed Natasha
  3025 | D:4      | Found Wuufaiceh's Assorted Antiques.
  3028 | D:4      | Bought a scroll labeled PEFUAPHAUTY for 26 gold pieces
  3028 | D:4      | Bought a scroll labeled NOG TYESUG for 26 gold pieces
  3028 | D:4      | Bought a scroll labeled AFITUPL COM GYELO for 26 gold
                  | pieces
  3028 | D:4      | Bought a scroll labeled LAZARROODA for 26 gold pieces
  3028 | D:4      | Bought a square bone amulet for 130 gold pieces
  3159 | D:5      | Entered Level 5 of the Dungeon
  3205 | D:5      | Reached XP level 7. HP: 27/27 MP: 7/11
  3451 | D:5      | Found Bisoyrph's Weapon Boutique.
  3740 | D:5      | Noticed Edmund
  3754 | D:5      | Killed Edmund
  4656 | D:5      | Reached skill level 5 in Summonings
  5210 | D:6      | Reached XP level 8. HP: 31/31 MP: 8/12
  5309 | D:6      | HP: 1/31 [ice beast (5)]
  5309 | D:6      | Slain by an ice beast
  5310 | D:6      | Reached XP level 7. HP: -5/27 MP: 3/11
  5363 | D:6      | Reached skill level 3 in Dodging
  5428 | D:6      | Reached skill level 1 in Evocations
  5732 | D:6      | Reached skill level 1 in Fighting
  5735 | D:6      | Found a staircase to the Ecumenical Temple.
  5765 | Temple   | Entered the Ecumenical Temple
  5909 | D:6      | Found a bloodstained altar of Trog.
  6094 | D:7      | Found a shimmering blue altar of Sif Muna.
  6095 | D:7      | Reached XP level 8. HP: 25/33 MP: 4/13
  6096 | D:7      | Reached skill level 4 in Dodging
  6110 | D:7      | Became a worshipper of Sif Muna the Loreminder
  6748 | D:7      | Found Neuneu Keis's Weapon Shop.
  7132 | D:7      | Learned a level 3 spell: Ozocubu's Armour
  7364 | D:8      | Found an opulent altar of Gozag.
  7530 | D:8      | Reached skill level 5 in Stealth
  7546 | D:8      | Found a staircase to the Lair.
  7644 | D:8      | Noticed a two-headed ogre
  7667 | D:8      | Killed a two-headed ogre
  7667 | D:8      | Reached skill level 5 in Dodging
  7667 | D:8      | Reached XP level 9. HP: 38/38 MP: 7/15
  7758 | D:8      | Found a bloodstained altar of Trog.
  7764 | D:8      | Found a sparkling altar of Nemelex Xobeh.
  7764 | D:8      | Found a snail-covered altar of Cheibriados.
  7766 | D:8      | Found a burning altar of Makhleb.
  7771 | D:8      | Reached * piety under Sif Muna
  8050 | D:8      | Found a white marble altar of Elyvilon.
  8223 | D:9      | Found a stormy altar of Qazlal.
  8291 | D:9      | Found a bloodstained altar of Trog.
  8313 | D:9      | Noticed Erica
  8319 | D:9      | Killed from afar by Erica
  8320 | D:9      | Reached XP level 8. HP: -10/34 MP: 8/14
  8326 | D:9      | Killed Erica
  8326 | D:9      | Reached skill level 6 in Dodging
  8428 | D:8      | Noticed a meliai
  8428 | D:8      | Noticed a boulder beetle
  8429 | D:8      | Noticed a centaur warrior
  8437 | D:8      | Reached XP level 9. HP: 37/39 MP: 0/16
  8438 | D:8      | Killed a centaur warrior
  8439 | D:8      | Killed a meliai
  8445 | D:8      | Reached skill level 5 in Evocations
  8457 | D:8      | Noticed a gargoyle
  8469 | D:8      | Killed a gargoyle
  8469 | D:8      | Reached skill level 7 in Dodging
  8469 | D:8      | Reached skill level 1 in Invocations
  8473 | D:8      | Noticed a freezing wraith
  8509 | D:8      | Killed a boulder beetle
  8530 | D:8      | Killed a freezing wraith
  8875 | D:9      | Reached ** piety under Sif Muna
  8877 | D:9      | Reached skill level 5 in Spellcasting
  8877 | D:9      | Reached XP level 10. HP: 40/43 MP: 6/18
  8894 | D:9      | Reached skill level 5 in Fighting
  8991 | D:9      | Noticed a two-headed ogre
  8995 | D:9      | Found a radiant altar of Vehumet.
  9004 | D:9      | Killed a two-headed ogre
  9047 | D:9      | Found a staircase to the Orcish Mines.
  9048 | D:9      | Acquired an uncursed amulet of regeneration
  9055 | D:9      | Found Beidixoq's Antique Weapon Emporium.
  9522 | Lair:1   | Entered Level 1 of the Lair of Beasts
  9534 | Lair:1   | Found a transporter.
  9712 | Lair:1   | Reached skill level 8 in Dodging
  9715 | Lair:1   | Noticed a seven-headed hydra
  9747 | Lair:1   | Noticed a moth of wrath
  9748 | Lair:1   | Noticed a black mamba
  9749 | Lair:1   | Noticed ringo67's ghost (journeyman TrMo)
  9777 | Lair:1   | Found a transporter.
  9780 | Lair:1   | Noticed a cane toad
 10025 | Lair:1   | Killed a seven-headed hydra
 10112 | Lair:1   | Noticed an oklob plant
 10121 | Lair:1   | Noticed an oklob plant
 10567 | Lair:2   | Reached XP level 11. HP: 48/48 MP: 7/20
 10992 | Lair:2   | Reached *** piety under Sif Muna
 11037 | Lair:2   | Found a hole to the Spider Nest.
 11062 | Lair:2   | Noticed a seven-headed hydra
 11093 | Lair:2   | Reached skill level 9 in Dodging
 11093 | Lair:2   | Reached skill level 10 in Ice Magic
 11114 | Lair:2   | Killed a seven-headed hydra
 11505 | Lair:2   | Reached skill level 10 in Stealth
 11564 | Lair:2   | You fall into a shaft and drop 2 floors!
 11588 | Lair:4   | Noticed a seven-headed hydra
 11776 | Lair:4   | Killed a seven-headed hydra
 11800 | Lair:4   | Reached **** piety under Sif Muna
 11978 | Lair:4   | Reached skill level 5 in Invocations
 12648 | Lair:3   | Gained mutation: Your thick and shaggy fur keeps you warm.
                  | (AC +3, rC+) [Felid growth]
 12648 | Lair:3   | Reached XP level 12. HP: 53/53 MP: 15/23
 12869 | Lair:3   | Noticed Prince Ribbit
 12883 | Lair:3   | Killed Prince Ribbit
 13096 | Lair:3   | Found a staircase to the Swamp.
 13134 | Lair:3   | Reached skill level 10 in Dodging
 13484 | Lair:3   | Reached ***** piety under Sif Muna
 13960 | Lair:5   | Learned a level 5 spell: Metabolic Englaciation
 13961 | Lair:5   | Noticed a catoblepas
 14014 | Lair:5   | Killed a catoblepas
 14183 | Lair:5   | Identified Sif Muna's Catalogue of Cankerous Curses (Sif
                  | Muna gifted it to you on level 5 of the Lair of Beasts)
 14183 | Lair:5   | Received a gift from Sif Muna
 14201 | Lair:5   | Reached skill level 5 in Hexes
 14216 | Lair:5   | Learned a level 5 spell: Lee's Rapid Deconstruction
 14556 | Lair:5   | Noticed a boulder beetle
 14564 | Lair:5   | Reached skill level 1 in Earth Magic
 14583 | Lair:5   | Killed a boulder beetle
 14642 | Lair:5   | Noticed a death yak
 14642 | Lair:5   | Noticed a death yak
 14642 | Lair:5   | Noticed a death yak
 14642 | Lair:5   | Noticed a death yak
 14661 | Lair:5   | Killed a death yak
 14664 | Lair:5   | Noticed a death yak
 14665 | Lair:5   | Killed a death yak
 14674 | Lair:5   | Killed a death yak
 14701 | Lair:5   | Killed a death yak
 14707 | Lair:5   | Killed a death yak
 14866 | Lair:5   | Reached XP level 13. HP: 58/58 MP: 16/25
 15126 | Lair:6   | Entered Level 6 of the Lair of Beasts
 15373 | Lair:6   | Noticed Kirke
 15601 | Lair:6   | Identified Sif Muna's Tome of Torrid Necromancy (Sif Muna
                  | gifted it to you on level 6 of the Lair of Beasts)
 15601 | Lair:6   | Received a gift from Sif Muna
 15799 | Lair:6   | Killed Kirke
 16134 | Lair:6   | Reached skill level 11 in Dodging
 16641 | Lair:6   | Found a staircase to the Slime Pits.
 16643 | Lair:6   | Found a viscous altar of Jiyva.
 16711 | Lair:6   | Reached skill level 5 in Earth Magic
 17445 | Orc:1    | Entered Level 1 of the Orcish Mines
 17610 | Orc:1    | Found a roughly hewn altar of Beogh.
 17667 | Orc:1    | Noticed Harold
 17686 | Orc:1    | Killed Harold
 17686 | Orc:1    | Reached XP level 14. HP: 41/63 MP: 12/27
 17930 | Orc:2    | Entered Level 2 of the Orcish Mines
 17952 | Orc:2    | Found a staircase to the Elven Halls.
 18029 | Orc:2    | Found Pakiy's General Store.
 18043 | Orc:2    | Found Ahuon's General Store.
 18169 | Orc:2    | Found Voakk's Armour Shoppe.
 18538 | Orc:1    | Identified Plog's Tome of Cloudy Flames (Sif Muna gifted it
                  | to you on level 1 of the Orcish Mines)
 18538 | Orc:1    | Received a gift from Sif Muna
 18593 | Orc:1    | Noticed Maurice
 18684 | Orc:1    | Killed Maurice
 18816 | Orc:2    | Noticed Nessos
 18832 | Orc:2    | Killed Nessos
 19287 | Orc:2    | Bought a wand of paralysis (10) for 204 gold pieces
 19287 | Orc:2    | Bought a scroll of torment for 127 gold pieces
 19289 | Orc:2    | Bought a potion of curing for 36 gold pieces
 19289 | Orc:2    | Bought a scroll of identify for 24 gold pieces
 19289 | Orc:2    | Bought a scroll of fear for 42 gold pieces
 19528 | Orc:2    | Found Opoeq's Book Shop.
 19528 | Orc:2    | Found a one-way gate leading to the halls of Pandemonium.
 19528 | Orc:2    | Found Ocoif's Antique Armour Boutique.
 19530 | Orc:2    | Killed from afar by an orc high priest
 19531 | Orc:2    | Reached XP level 13. HP: 0/60 MP: 25/26
 19667 | Orc:2    | Reached skill level 10 in Evocations
 20095 | Orc:2    | Reached skill level 12 in Dodging
 20200 | Orc:2    | Bought a book of the Earth for 1105 gold pieces
 20207 | Orc:2    | Learned a level 6 spell: Statue Form
 20268 | D:10     | Entered Level 10 of the Dungeon
 20416 | D:10     | Noticed Erolcha
 20427 | D:10     | Killed Erolcha
 20443 | D:10     | Reached skill level 1 in Transmutations
 20464 | D:10     | Found a sparkling altar of Nemelex Xobeh.
 20534 | D:10     | Noticed Snorg
 20551 | D:10     | Killed Snorg
 20681 | D:10     | Noticed Fannar
 20706 | D:10     | Killed Fannar
 20780 | D:10     | Identified Sif Muna's Handbook of Arcane Weapons (Sif Muna
                  | gifted it to you on level 10 of the Dungeon)
 20780 | D:10     | Received a gift from Sif Muna
 21374 | D:11     | Reached XP level 14. HP: 61/64 MP: 13/27
 21510 | D:11     | Found Seopridy's Gadget Emporium.
 21523 | D:11     | Bought a condenser vane (2/2) for 300 gold pieces
 22227 | D:12     | Found a frozen archway.
 22236 | IceCv    | Entered an ice cave
 23517 | D:12     | You fall into a shaft and drop 3 floors!
 23517 | D:15     | Entered Level 15 of the Dungeon
 23842 | D:14     | Found a stormy altar of Qazlal.
 24063 | D:14     | Identified Fyrch's Catalogue of Beguiling and the Glacier
                  | (Sif Muna gifted it to you on level 14 of the Dungeon)
 24063 | D:14     | Received a gift from Sif Muna
 24190 | D:13     | Found a gate to the Vaults.
 24190 | D:13     | Noticed Rupert
 24289 | D:12     | Noticed Azrael
 24298 | D:12     | Killed Azrael
 24816 | D:13     | Reached skill level 5 in Transmutations
 25123 | D:13     | Killed Rupert
 25501 | D:13     | Noticed Sonja
 25517 | D:13     | Killed Sonja
 25810 | D:14     | Found Xyffiufa's Armour Shop.
 26603 | D:15     | Got a slimy steel ring
 26604 | D:15     | Identified the ring of Xirip {rPois rC+ AC+4 Dex-4} (You
                  | found it on level 15 of the Dungeon)
 26874 | D:15     | Identified Sif Muna's Reference Book on Lethal Hexes (Sif
                  | Muna gifted it to you on level 15 of the Dungeon)
 26874 | D:15     | Received a gift from Sif Muna
 26874 | D:15     | Reached XP level 15. HP: 68/68 MP: 15/29
 26885 | D:15     | Found a staircase to the Depths.
 27232 | Spider:1 | Entered Level 1 of the Spider Nest
 27679 | Lair:1   | Killed ringo67's ghost
 27783 | Spider:1 | Reached skill level 10 in Transmutations
 28908 | Spider:2 | Identified Sif Muna's Almanac of Ice (Sif Muna gifted it to
                  | you on level 2 of the Spider Nest)
 28908 | Spider:2 | Received a gift from Sif Muna
 29507 | Spider:2 | Noticed a ghost moth
 29526 | Spider:2 | Killed a ghost moth
 30238 | Spider:3 | Received a gift from Sif Muna
 30260 | Spider:2 | Reached XP level 16. HP: 27/72 MP: 25/30
 31180 | Spider:4 | Entered Level 4 of the Spider Nest
 31896 | Spider:4 | Received a gift from Sif Muna
 32254 | Spider:4 | Reached skill level 10 in Fighting
 32668 | Spider:4 | Noticed Arachne
 32686 | Spider:4 | Reached skill level 13 in Dodging
 33103 | Spider:4 | Reached skill level 10 in Earth Magic
 33245 | Spider:4 | Got a gossamer rune of Zot
 33339 | Spider:4 | Identified Sif Muna's Volume of Conjuration (Sif Muna
                  | gifted it to you on level 4 of the Spider Nest)
 33339 | Spider:4 | Received a gift from Sif Muna
 33345 | Spider:4 | Killed Arachne
 33367 | Spider:4 | Acquired 1140 gold pieces
 33472 | Swamp:1  | Entered Level 1 of the Swamp
 33481 | Swamp:1  | Noticed a thorn hunter
 33498 | Swamp:1  | Killed a thorn hunter
 33745 | Swamp:2  | Learned a level 5 spell: Summon Mana Viper
 33862 | Swamp:2  | Reached ****** piety under Sif Muna
 34539 | Swamp:3  | Noticed a thorn hunter
 34548 | Swamp:3  | Killed a thorn hunter
 34571 | Swamp:3  | Noticed a thorn hunter
 34580 | Swamp:3  | Killed a thorn hunter
 34720 | Swamp:3  | Reached XP level 17. HP: 76/76 MP: 20/31
 35263 | Swamp:3  | Received a gift from Sif Muna
 35523 | Swamp:4  | Entered Level 4 of the Swamp
 36506 | Swamp:4  | Got a decaying rune of Zot
 37038 | Depths:1 | Entered Level 1 of the Depths
 37156 | Depths:1 | Identified Sif Muna's Papyrus of the Four Ghosts (Sif Muna
                  | gifted it to you on level 1 of the Depths)
 37156 | Depths:1 | Received a gift from Sif Muna
 37156 | Depths:1 | Reached skill level 10 in Spellcasting
 37158 | Depths:1 | HP: 1/100 [yaktaur/bolt[a glowing orange brain] (5)]
 37158 | Depths:1 | Shot with a bolt by a yaktaur
 37159 | Depths:1 | Reached XP level 16. HP: -19/94 MP: 23/31
 37159 | Depths:1 | Killed a sphinx
 38391 | Depths:1 | Found a gateway to Hell.
 38741 | Depths:1 | Reached skill level 10 in Invocations
 38976 | Elf:1    | Entered Level 1 of the Elven Halls
 39190 | Elf:1    | Identified the cursed +0 tower shield "Bupn" {Harm rC+
                  | Str+7}
 39190 | Elf:1    | Noticed Louise
 39231 | Elf:1    | Killed Louise
 39231 | Elf:1    | Reached skill level 14 in Dodging
 39450 | Elf:1    | Noticed Frances
 39587 | Elf:1    | Killed Frances
 39983 | Elf:1    | Noticed Roxanne
 40029 | Elf:1    | Killed Roxanne
 40172 | Elf:1    | Reached XP level 17. HP: 65/78 MP: 21/32
 40259 | Elf:1    | Identified Sif Muna's Disquisition on Dusty Arcane Weapons
                  | (Sif Muna gifted it to you on level 1 of the Elven Halls)
 40259 | Elf:1    | Received a gift from Sif Muna
 41444 | Elf:2    | Found a runed translucent gate.
 41444 | Elf:2    | Found a runed translucent gate.
 41453 | Elf:2    | Found a runed translucent gate.
 41565 | Elf:2    | Found Neneojuha's General Store.
 41589 | Elf:2    | Bought a potion of curing for 60 gold pieces
 41984 | Elf:2    | Learned a level 7 spell: Dragon Form
 41995 | Elf:2    | Learned a level 5 spell: Summon Forest
 41995 | Elf:2    | Upgraded the game from 0.26-a0-683-g5206c1d7ac to
                  | 0.26-a0-690-gcb57259078
 42036 | Elf:3    | Entered Level 3 of the Elven Halls
 42221 | Elf:3    | Reached skill level 1 in Translocations
 42511 | Elf:3    | Reached skill level 5 in Translocations
 42639 | Elf:3    | Noticed a deep elf master archer
 42659 | Elf:3    | Killed a deep elf master archer
 42930 | Elf:3    | Noticed a deep elf master archer
 42942 | Elf:3    | Killed a deep elf master archer
 42948 | Elf:3    | Identified Sif Muna's Tome of Supportive Transformation
                  | (Sif Muna gifted it to you on level 3 of the Elven Halls)
 42948 | Elf:3    | Received a gift from Sif Muna
 42958 | Elf:3    | Identified the +3 battleaxe "Isking" {drain, rElec rC+}
 42959 | Elf:3    | Noticed a deep elf blademaster
 42972 | Elf:3    | Splashed by a deep elf sorcerer's acid
 42973 | Elf:3    | Reached XP level 16. HP: -3/97 MP: 6/31
 43078 | Elf:3    | Killed a deep elf blademaster
 43078 | Elf:3    | Reached skill level 1 in Unarmed Combat
 43168 | Elf:3    | Noticed a Brimstone Fiend
 43243 | Elf:3    | Identified the ring "Ydileu" {*Slow Int+5 Dex+6}
 43341 | Elf:3    | Identified the ring "Jasocam" {Fire Str+6}
 43346 | Elf:3    | Noticed a deep elf blademaster
 43366 | Elf:3    | Noticed a deep elf blademaster
 43367 | Elf:3    | Killed a deep elf blademaster
 43370 | Elf:3    | Identified the amulet of Woilueff {Acrobat Str+3}
 43448 | Elf:3    | Killed a deep elf blademaster
 43452 | Elf:3    | Reached XP level 17. HP: 79/79 MP: 12/32
 43459 | Elf:3    | Noticed a Tzitzimitl
 43957 | Elf:3    | Reached skill level 15 in Dodging
 44191 | Elf:3    | Identified Sif Muna's Compendium of Weightlessness and
                  | Calling
 44194 | Elf:3    | Identified the Almanac of the Gardener
 44249 | Elf:3    | Identified the Grimoire of Distant Worlds
 44663 | Vaults:1 | Entered Level 1 of the Vaults
 44672 | Vaults:1 | Found Tawkui's Armour Shop.
 44833 | Vaults:1 | Found Biruucvi's General Store.
 44840 | Vaults:1 | Bought a potion of magic for 104 gold pieces
 44840 | Vaults:1 | Bought a potion of magic for 104 gold pieces
 44875 | Vaults:1 | Found Vuucryst's Antique Weapon Shoppe.
 45002 | Vaults:1 | Noticed a deep elf master archer
 45004 | Vaults:1 | Identified Sif Muna's Reference Book on Supportive
                  | Dislocation (Sif Muna gifted it to you on level 1 of the
                  | Vaults)
 45004 | Vaults:1 | Received a gift from Sif Muna
 45009 | Vaults:1 | Killed a deep elf master archer
 45009 | Vaults:1 | Reached skill level 10 in Hexes
 45009 | Vaults:1 | Reached skill level 5 in Unarmed Combat
 45143 | Vaults:1 | Found Sylag's General Store.
 45151 | Vaults:1 | Bought a potion of curing for 33 gold pieces
 45461 | Vaults:1 | Found Kagink's Antique Weapon Emporium.
 45513 | Vaults:1 | Found a runed translucent gate.
 45513 | Vaults:1 | Found a runed translucent gate.
 45513 | Vaults:1 | Found a runed translucent gate.
 45515 | Vaults:1 | Noticed TPoD's ghost (adept HOMo)
 46276 | Vaults:1 | Killed TPoD's ghost
 46285 | Vaults:1 | Identified the Grimoire of Creative Envenoming
 46433 | Vaults:2 | Found a ruined gateway.
 46499 | Desolati | Entered the Desolation of Salt
 46520 | Desolati | Identified Nopnut's Grimoire of Dislocation and Arcane
                  | Weapons (Sif Muna gifted it to you in the Desolation of
                  | Salt)
 46520 | Desolati | Received a gift from Sif Muna
 46688 | Desolati | Learned a level 2 spell: Blink
 47152 | Desolati | Identified the Guide on Aerial Orientation
 47177 | Desolati | Identified the Guide on Dusty Poison
 47309 | Desolati | Reached XP level 18. HP: 84/84 MP: 3/33
 47328 | Desolati | Reached skill level 10 in Unarmed Combat
 47531 | Desolati | Identified Dispater's Papyrus of Supportive Battle Magic
 47541 | Desolati | Identified the Papyrus of Confrontation
 47654 | Desolati | Identified Sif Muna's Volume of Creative Enchantment (Sif
                  | Muna gifted it to you in the Desolation of Salt)
 47654 | Desolati | Received a gift from Sif Muna
 47930 | Desolati | Identified the Reference Book on Contamination and
                  | Enchantment
 48090 | Vaults:2 | Noticed a lich
 48097 | Vaults:2 | Killed a lich
 48145 | Vaults:2 | Found a radiant altar of Vehumet.
 48182 | Vaults:2 | Noticed a lich
 48192 | Vaults:2 | Killed a lich
 48494 | Vaults:2 | Found a staircase to the Crypt.
 49075 | Vaults:2 | Reached skill level 10 in Translocations
 49240 | Vaults:2 | Identified Sif Muna's Papyrus of Conjuration and
                  | Transformation (Sif Muna gifted it to you on level 2 of the
                  | Vaults)
 49240 | Vaults:2 | Received a gift from Sif Muna
 50247 | Vaults:3 | Reached skill level 10 in Summonings
 50263 | Vaults:3 | Reached XP level 19. HP: 17/87 MP: 10/34
 50712 | Vaults:3 | Received a gift from Sif Muna
 50757 | Vaults:3 | Learned a level 6 spell: Ozocubu's Refrigeration
 52427 | Vaults:4 | Identified Sif Muna's Reference Book on Ghastly Moulding
                  | (Sif Muna gifted it to you on level 4 of the Vaults)
 52427 | Vaults:4 | Received a gift from Sif Muna
 52869 | Vaults:4 | Found Joonae's Assorted Antiques.
 52881 | Vaults:4 | Found Tyrorof's Armour Boutique.
 52899 | Vaults:4 | Bought a scroll of teleportation for 117 gold pieces
 52899 | Vaults:4 | Bought a scroll of silence for 292 gold pieces
 52899 | Vaults:4 | Bought a scroll of acquirement for 2028 gold pieces
 52899 | Vaults:4 | Bought a potion of brilliance for 156 gold pieces
 52899 | Vaults:4 | Bought a scroll of teleportation for 117 gold pieces
 52900 | Vaults:4 | Acquired the ring of Mybrimeu {rPois rF+ Str+6 Slay+4
                  | Stlth-}
 52977 | Vaults:4 | Found Gyre Dao's Jewellery Shoppe.
 53273 | Vaults:4 | Found Kukhorak's Assorted Antiques.
 53283 | Vaults:4 | Bought a scroll of teleportation for 102 gold pieces
 53518 | Vaults:4 | Reached XP level 20. HP: 91/91 MP: 25/35
 53569 | Vaults:4 | Identified Sif Muna's Reference Book on Lethal Changing
                  | (Sif Muna gifted it to you on level 4 of the Vaults)
 53569 | Vaults:4 | Received a gift from Sif Muna
 53832 | Vaults:4 | Reached skill level 15 in Summonings
 53887 | Vaults:4 | Found Jotukoh's Magic Scroll Boutique.
 53892 | Vaults:4 | Bought a scroll of magic mapping for 59 gold pieces
 53892 | Vaults:4 | Bought a scroll of magic mapping for 59 gold pieces
 53892 | Vaults:4 | Bought a scroll of blinking for 127 gold pieces
 54064 | Vaults:5 | Entered Level 5 of the Vaults
 54684 | Vaults:5 | Noticed a golden dragon
 54685 | Vaults:5 | Noticed an ancient lich
 55016 | Vaults:5 | Noticed a golden dragon
 55031 | Vaults:5 | Killed a golden dragon
 55076 | Vaults:5 | Killed an ancient lich
 55412 | Vaults:5 | Identified the +6 quarterstaff "Ynonaoj" {spect, MR+ Int+2}
 55413 | Vaults:5 | Identified the +6 quarterstaff "Ynonaoj" {spect, MR+ Int+2}
 55540 | Vaults:5 | Identified Sif Muna's Catalogue of Supportive Stolen Souls
                  | (Sif Muna gifted it to you on level 5 of the Vaults)
 55540 | Vaults:5 | Received a gift from Sif Muna
 55757 | Vaults:5 | Killed a golden dragon
 55757 | Vaults:5 | Reached XP level 21. HP: 85/95 MP: 30/39
 55772 | Vaults:5 | HP: 6/123 [tengu reaver/+0 long sword (15)]
 56195 | Vaults:5 | Got a flickering bone amulet
 56208 | Vaults:5 | Identified the amulet of the Slug {Inacc rPois Str-5 Dex+4
                  | SInv} (You found it on level 5 of the Vaults)
 56763 | Vaults:5 | Identified the cursed +0 robe of the Shining Light
                  | {Rampage}
 57127 | Vaults:5 | Got a silver rune of Zot
 57129 | Vaults:5 | Got a transparent jade ring
 57130 | Vaults:5 | Identified the ring of the Leaf {rN+ Int+6} (You found it
                  | on level 5 of the Vaults)
 57166 | Vaults:5 | Noticed an ancient lich
 57587 | Crypt:1  | Entered Level 1 of the Crypt
 58059 | Crypt:1  | You fall into a shaft and drop 1 floor!
 58059 | Crypt:2  | Found an ancient bone altar of Kikubaaqudgha.
 58092 | Crypt:2  | Reached skill level 16 in Dodging
 58565 | Crypt:1  | Noticed Bai Suzhen
 58594 | Crypt:1  | Killed Bai Suzhen
 58634 | Crypt:1  | Identified Sif Muna's Collected Works on Vitriolic Evil
                  | (Sif Muna gifted it to you on level 1 of the Crypt)
 58634 | Crypt:1  | Received a gift from Sif Muna
 59346 | Crypt:2  | Learned a level 7 spell: Malign Gateway
 60321 | Crypt:3  | Entered Level 3 of the Crypt
 60456 | Crypt:3  | Reached skill level 17 in Dodging
 60584 | Crypt:3  | Reached XP level 22. HP: 102/102 MP: 30/40
 60903 | Crypt:3  | Found a staircase to the Tomb.
 61039 | Crypt:3  | Reached skill level 15 in Unarmed Combat
 61954 | Crypt:3  | Found an ancient bone altar of Kikubaaqudgha.
 61960 | Crypt:3  | Found a basalt altar of Yredelemnul.
 62019 | Crypt:3  | Identified Gloorx Vloq's Guide on Sinister Arts
 62022 | Crypt:3  | Identified Roxanne's Catalogue of Earth and Moulding
 62438 | Slime:1  | Entered Level 1 of the Pits of Slime
 62746 | Slime:4  | Noticed Dissolution
 62887 | Slime:4  | Killed Dissolution
 63198 | Slime:5  | Entered Level 5 of the Pits of Slime
 63869 | Slime:5  | Found a viscous altar of Jiyva.
 63870 | Slime:5  | Noticed the Royal Jelly
 63889 | Slime:5  | Splashed by an acid blob's acid
 63890 | Slime:5  | Reached XP level 21. HP: -2/99 MP: 32/39
 63911 | Slime:5  | Killed the Royal Jelly
 63911 | Slime:5  | Reached skill level 18 in Dodging
 64174 | Slime:5  | Found the +18 shield of the Gong {rElec rN+ MR+ EV-5}
 64185 | Slime:5  | Got a slimy rune of Zot
 64225 | Slime:5  | Got a slimy bronze ring
 64226 | Slime:5  | Identified the ring of Fulu {*Tele rPois rF- MR+++ Str-2}
                  | (You found it on level 5 of the Pits of Slime)
 64269 | Slime:5  | Killed from afar by an acid blob
 64270 | Slime:5  | Reached XP level 20. HP: -7/96 MP: 36/38
 65585 | Depths:2 | Noticed a golden dragon
 65591 | Depths:2 | Killed a golden dragon
 65596 | Depths:2 | Reached XP level 21. HP: 99/99 MP: 28/39
 65962 | Depths:3 | Noticed Margery
 65969 | Depths:3 | Killed Margery
 66084 | Depths:3 | Reached skill level 15 in Fighting
 66164 | Depths:3 | Noticed Jory
 66190 | Depths:3 | Killed Jory
 66435 | Depths:3 | Reached skill level 19 in Dodging
 66621 | Depths:3 | Identified Sif Muna's Handbook of Sinister Hexes
 66945 | Depths:3 | Found a portal to a secret trove of treasure.
 66978 | Depths:3 | Found a gateway to a ziggurat.
 67060 | Depths:3 | Found a one-way gate to the infinite horrors of the Abyss.
 67742 | Depths:4 | Noticed a caustic shrike
 67748 | Depths:4 | Killed a caustic shrike
 67860 | Depths:4 | Noticed a golden dragon
 67871 | Depths:4 | Killed a golden dragon
 69010 | Depths:4 | Noticed a juggernaut
 69020 | Depths:4 | Killed a juggernaut
 69333 | Depths:4 | Noticed a golden dragon
 69346 | Depths:4 | Killed a golden dragon
 69346 | Depths:4 | Reached XP level 22. HP: 105/105 MP: 26/41
 69602 | Depths:5 | Entered Level 5 of the Depths
 69604 | Depths:5 | Noticed a golden dragon
 69611 | Depths:5 | Killed a golden dragon
 69912 | Depths:5 | Paralysed by a floating eye for 3 turns
 70061 | Depths:5 | Noticed a juggernaut
 70069 | Depths:5 | Killed a juggernaut
 70735 | Depths:5 | Reached skill level 20 in Dodging
 70909 | Depths:5 | Noticed a golden dragon
 71156 | Depths:5 | Found a gate to the Realm of Zot.
 71199 | Depths:5 | Killed a golden dragon
 71634 | Depths:4 | Voluntarily entered the Abyss.
 72024 | Abyss:3  | Got an abyssal rune of Zot
 72030 | Depths:4 | Escaped the Abyss
 72108 | Depths:3 | You showed the abyssal rune of Zot to enter a treasure
                  | trove
 72109 | Trove    | Entered a treasure trove
 72251 | Hell     | Entered the Vestibule of Hell
 72251 | Hell     | Noticed Geryon
 72259 | Depths:3 | Cast into level 2 of the Abyss (hell knight)
 72425 | Depths:3 | Escaped the Abyss
 72557 | Hell     | Reached skill level 15 in Spellcasting
 72777 | Hell     | Killed Geryon
 72777 | Hell     | Reached skill level 15 in Stealth
 73067 | Hell     | Reached XP level 23. HP: 109/111 MP: 35/43
 73238 | Hell     | Found a gateway to the ashen valley of Gehenna.
 73360 | Hell     | Found a gateway to the Iron City of Dis.
 73418 | Hell     | Learned a level 5 spell: Borgnjor's Vile Clutch
 73448 | Hell     | Found a gateway to the freezing wastes of Cocytus.
 73576 | Hell     | Found a gateway to the decaying netherworld of Tartarus.
 73763 | Zot:1    | Entered Level 1 of the Realm of Zot
 74204 | Zot:1    | Acquired the amulet of Butchery {Reflect +Fly MP+9 Slay+3
                  | SH+5}
 74925 | Zot:2    | Reached skill level 21 in Dodging
 75822 | Zot:2    | Noticed a curse toe
 75832 | Zot:2    | Killed a curse toe
 75833 | Zot:2    | Noticed a curse toe
 75846 | Zot:2    | Killed a curse toe
 76183 | Zot:2    | Noticed a curse toe
 76192 | Zot:2    | Killed a curse toe
 76192 | Zot:2    | Reached XP level 24. HP: 98/117 MP: 40/43
 76252 | Zot:2    | Found the +8 whip "Snakebite" {curare, rPois}
 77182 | Zot:3    | Reached skill level 22 in Dodging
 78047 | Zot:3    | You fall into a shaft and drop 1 floor!
 78129 | Zot:4    | Noticed an orb of fire
 79369 | Zot:5    | Entered Level 5 of the Realm of Zot
 79433 | Zot:5    | Noticed an orb of fire
 79442 | Zot:5    | Killed an orb of fire
 80059 | Pan      | Entered Pandemonium
 80068 | Pan      | Reached skill level 23 in Dodging
 80090 | Pan      | Reached XP level 25. HP: 123/123 MP: 39/45
 80417 | Pan      | Learned a level 6 spell: Shadow Creatures
 80493 | Pan      | Noticed Ucreyk the pandemonium lord
 80505 | Pan      | Killed Ucreyk the pandemonium lord
 80566 | Pan      | Learned a level 1 spell: Apportation
 81010 | Pan      | Found an exit through the horrors of the Abyss.
 81097 | Pan      | Entered the realm of Lom Lobon.
 81342 | Pan      | Noticed Lom Lobon
 81363 | Pan      | Got a magical rune of Zot
 81781 | Pan      | Entered the realm of Mnoleg.
 81837 | Pan      | Gained mutation: You have a somewhat thin skeletal
                  | structure. (Dex +2, Stealth) [a cacodemon]
 81840 | Pan      | Noticed Mnoleg
 82058 | Pan      | Gained mutation: You occasionally shout uncontrollably at
                  | your foes. [a neqoxec]
 82405 | Pan      | Killed Mnoleg
 82457 | Pan      | Got a glowing rune of Zot
 82515 | Pan      | Gained mutation: Your body sometimes deteriorates upon
                  | taking damage. [a cacodemon]
 82831 | Pan      | Noticed Ruruo the pandemonium lord
 82833 | Pan      | HP: 1/124 [Ruruo the pandemonium lord/bolt of negative
                  | energy (37)]
 82833 | Pan      | Killed from afar by Ruruo the pandemonium lord
 82834 | Pan      | Reached XP level 24. HP: -35/120 MP: 27/45
 82925 | Pan      | Noticed Lom Lobon
 82945 | Pan      | Killed Lom Lobon
 82958 | Pan      | Reached skill level 24 in Dodging
 83148 | Pan      | Entered the realm of Cerebov.
 83191 | Pan      | Identified the Incunabulum of Moulding
 83205 | Pan      | Identified Netuloz's Collected Works on Congealing Air
 83257 | Pan      | Got a smoking ivory ring
 83258 | Pan      | Identified the ring of Xom's Passing Interest {*Slow rPois
                  | rC++ MP+9 SInv} (You found it in Pandemonium)
 83297 | Pan      | Identified the +6 sword of Cerebov {flame}
 83297 | Pan      | Noticed Cerebov
 83311 | Pan      | Reached XP level 25. HP: 121/124 MP: 43/45
 83347 | Pan      | Killed Cerebov
 83551 | Pan      | Got a fiery rune of Zot
 83576 | Pan      | Reached skill level 15 in Translocations
 83815 | Pan      | Noticed Fecixeav the pandemonium lord
 83819 | Pan      | Killed Fecixeav the pandemonium lord
 83884 | Pan      | Found an exit through the horrors of the Abyss.
 84007 | Pan      | Noticed Ininilef the pandemonium lord
 84160 | Pan      | Learned a level 4 spell: Passage of Golubria
 84463 | Pan      | Entered the realm of Gloorx Vloq.
 84795 | Pan      | Noticed Gloorx Vloq
 84800 | Pan      | Killed Gloorx Vloq
 84828 | Pan      | Got a dark rune of Zot
 85362 | Pan      | Reached skill level 25 in Dodging
 85517 | Pan      | Noticed a seraph
 85528 | Pan      | Killed a seraph
 85547 | Pan      | Reached XP level 26. HP: 114/131 MP: 35/46
 85551 | Pan      | Found a glowing golden altar of the Shining One.
 85568 | Pan      | Got a demonic rune of Zot
 85907 | Pan      | Identified the +0 buckler of the Devil {+Fly}
 85981 | Depths:4 | Escaped Pandemonium
 86076 | Tar:1    | Entered Level 1 of Tartarus
 86247 | Tar:2    | Killed from afar by a hellion

Illustrated notes

Levels and vault maps discovered:
D:1:      ncdulo_halloftheorcs, layout_basic, st_stairs_8
D:2:      layout_loops_ring, overflow_temple_1_default, minmay_misc_feat_rows,
          st_stairs_1, uniq_crazy_yiuf_cottage, uniq_terence
D:3:      layout_loops_cross, chequers_garden, uniq_natasha
D:4:      layout_rooms, serial_shops, kennysheep_mini_moat, dk_noncrumbling_3
D:5:      layout_layer_cave, serial_shops,
          nicolae_shop_competitors_out_of_business, uniq_edmund
D:6:      layout_cave_pools, temple_pool_b, trog_three_pillars_becter
D:7:      layout_loops_ring, lemuel_doored_altar, serial_shops,
          nicolae_shop_statue_plus
D:8:      minmay_klotski, layout_basic, minitemple, elyvilon_altar_4,
          marbit_many_paths
D:9:      layout_basic, nicolae_overflow_crystal_walls, old_standard_altar,
          orc_0_dummy, serial_shops, shop_fountains, bloody_trog, uniq_erica
D:10:     layout_stronghold, basic_altar, nrook_campfire,
          ebering_dispersal_statue_hall, eino_tiny_chamber, uniq_snorg,
          uniq_fannar, uniq_erolcha
D:11:     layout_roguey, serial_shops, shop_fountains
D:12:     layout_irregular_city, portal_ice_cave_entry_pillars_1, uniq_azrael
D:13:     layout_long_grid, david_vaults_3, uniq_sonja
D:14:     layout_roguey, serial_shops, shop_coins, basic_altar
D:15:     grunt_enter_depths_magical_seal, layout_basic,
          chequers_serial_rivers_large_a, minmay_protected_statue
Temple:   chequers_temple_sunken
Lair:1:   layout_hall_layers, gammafunk_ghost_berserking_beasts,
          lemuel_fruit_fields, minmay_lair_oklob_chamber, serial_bayou_shore_b
Lair:2:   layout_cellular_growth, spider_nest_entry_a
Lair:3:   layout_regular_city, swamp_mist, uniq_prince_ribbit2
Lair:4:   layout_loops_ring, grunt_megastairs_1, lemuel_fruit_tree,
          lemuel_fruit_fields
Lair:5:   layout_regular_city, infiniplex_staircase_pool_2, grunt_megastairs_2,
          serial_bayou_shore_a
Lair:6:   gammafunk_lair_ancient_temple, layout_misc_corridors, slime_altar_1,
          chequers_serial_rivers_micro_b, minivault_24, uniq_rupert, uniq_kirke
Swamp:1:  layout_basic_swamp, nicolae_swamp_fairy_circle
Swamp:2:  layout_basic_swamp, hangedman_swamp_blocks
Swamp:3:  layout_basic_swamp, evilmike_swamp_ruin_house_4, swamp_pool4
Swamp:4:  swamp_basic_johnstein, layout_basic_swamp
Spider:1: layout_spider_delve
Spider:2: layout_spider_delve
Spider:3: layout_spider_delve, guppyfry_hornet_nest
Spider:4: grunt_spider_rune_island, uniq_arachne
Slime:1:  layout_caves
Slime:2:  layout_caves
Slime:3:  layout_caves
Slime:4:  layout_caves, dissolution_awaits
Slime:5
Orc:1:    layout_diamond_mine, nicolae_orc_lost_temple, uniq_harold,
          uniq_maurice
Orc:2:    pf_orc_diabolical, layout_diamond_mine, serial_shops, shop,
          uniq_nessos
Elf:1:    layout_loops_cross, hangedman_elven_crosses_minicolossus,
          uniq_roxanne, uniq_louise, uniq_frances
Elf:2:    layout_gridlike, serial_shops, shop, feat_on_display
Elf:3:    nooodl_elf_gasket, layout_geoelf_diagonals, hangedman_elven_ridges
Vaults:1: gammafunk_vaults_ghost_fury_of_okawaru, grunt_vaults_funnel,
          hangedman_vaults_locks, ontoclasm_vaults_hangar,
          ontoclasm_vaults_tryst, vaults_mumra_bighexcomb,
          ontoclasm_vaults_decontamination, vaults_room_fours,
          grunt_vaults_twisty, nicolae_vaults_alarming, layout_vaults_omnigrid,
          serial_shops, nicolae_shop_trees, nicolae_shop_trees, shop,
          nicolae_shop_temple_entry_statues_fountains,
          nicolae_shop_temple_entry_statues_fountains
Vaults:2: minmay_crypt_entry_nasty_monster, nicolae_vaults_little_ls,
          nicolae_vaults_stairing_the_circle, nicolae_vaults_little_squares_3,
          dpeg_vaults_monster_box, v_misc_17, vaults_mumra_lcd,
          grunt_tower_of_power, v_misc_31, nicolae_vaults_little_squares_3,
          layout_vaults_maze_bifur, portal_desolation_entry_ruin
Vaults:3: vaults_room_boxed, hangedman_vaults_maws, hangedman_vaults_cutoff,
          nicolae_vaults_triangles, vaults_room_hangedman_quadrants,
          vaults_room_corners, vaults_mumra_minichess, v_misc_13,
          vaults_dpeg_encased_lava, v_misc_8, layout_vaults_ring
Vaults:4: v_misc_29, ontoclasm_vaults_spin, nicolae_vaults_little_squares_4,
          ontoclasm_vaults_hangar, grunt_vaults_swirl, nicolae_vaults_big_ls,
          v_pattern_2, st_octagons_2, hangedman_vaults_snaps,
          nicolae_vaults_angled_halls, vaults_room_pools, vaults_dpeg_ring,
          vaults_dpeg_cross, layout_vaults_omnicross, serial_shops,
          shop_scrolls, nicolae_shop_waterfront, shop_fountains,
          nicolae_shop_overgrown_old_shop, shop_statue
Vaults:5
Crypt:1:  layout_misc_corridors, due_unseen_surprise, grunt_megastairs_5,
          uniq_bai_suzhen
Crypt:2:  layout_gridlike, basic_altar, minivault_14
Crypt:3:  lightli_unholy_cathedral, layout_chaotic_city,
          nicolae_tomb_entry_rubble_hallway
Depths:1: layout_cave_pools, rand_demon_pan_entry_3, serial_rivers,
          chequers_serial_rivers_small_b, chequers_serial_rivers_micro_b,
          chequers_serial_rivers_micro_d, chequers_serial_rivers_marsh,
          chequers_serial_rivers_micro_e, lightli_too_deep, lemuel_flame_loot_1
Depths:2: thingy_vault, layout_cave_pools, hangedman_decor_diamond_cutter,
          hell_entry, serial_sigils, serial_sigils_hangedman_writhe,
          serial_sigils_hangedman_snap, serial_sigils_hangedman_shear,
          serial_bayou_shore_b, minmay_staircase_bubble, serial_bayou_shore_b
Depths:3: due_jory_tower, layout_gridville, enter_ziggurat_e, hell_entry,
          enter_trove_3, rand_demon_pan_entry_1, abyss_entry_small_statue_room,
          firewood_loft, serial_bayou_shore_b, infiniplex_staircase_squiggle,
          uniq_margery
Depths:4: minmay_broken_ring, layout_cave_shapes,
          infiniplex_staircase_door_maze, hangedman_geh_valley, abyss_entry,
          rand_demon_pan_entry_9, minmay_misc_feat_alley, minivault_1,
          kb_rosetta
Depths:5: lemuel_castle_with_subvaults [lemuel_castle_interior_carwin_3],
          layout_cave_shapes, hell_entry
Hell
Tar:1:    layout_cathedral_of_symmetry, grunt_megastairs_4
Tar:2:    layout_catacombs, nicolae_tar_cuneiform_to_be,
          nicolae_tar_fractal_crypt
Zot:1:    layout_concentric_octagons
Zot:2:    gammafunk_mikee_crab_dinner, layout_basic, zot_minivault_6
Zot:3:    layout_misc_corridors, st_stairs_8, lemuel_baited_zot_trap
Zot:4:    layout_gridlike, nrook_zot_tub, lemuel_elevator
Zot:5:    layout_misc_corridors

Skill      XL: |  1  2  3  4  5  6  7  8  9 10 11 12 13 14 15 16 17 18 19 20 21 22 23 24 25 |
---------------+----------------------------------------------------------------------------+-----
Ice Magic      | 4 5 6 7 9 10 11 12 | 12.9
Summonings     | 2 3 5 6 8 10 14 16 17 | 17.5
Dodging        | 3 6 7 8 9 10 12 14 15 19 20 21 24 25 | 25.6
Stealth        | 4 5 7 9 10 11 12 13 15 16 18 | 18.9
Evocations     | 1 4 5 6 7 8 10 12 14 | 14.0
Fighting       | 1 4 5 6 7 8 9 11 12 15 16 17 18 20 | 20.8
Spellcasting   | 4 5 6 7 8 9 10 13 14 15 17 18 | 18.6
Invocations    | 1 3 5 6 8 10 11 12 | 12.0
Hexes          | 6 7 10 | 10.0
Earth Magic    | 2 7 9 10 | 10.0
Transmutations | 2 8 14 | 14.0
Translocations | 9 8 12 13 15 | 15.0
Unarmed Combat | 3 9 12 18 19 20 | 20.2

Action                   |  1- 3 |  4- 6 |  7- 9 | 10-12 | 13-15 | 16-18 | 19-21 | 22-24 | 25-27 || total
-------------------------+-------+-------+-------+-------+-------+-------+-------+-------+-------++-------
Melee: Unarmed           |    27 |    57 |    47 |    40 |   213 |   674 |   950 |   849 |   764 ||  3621
       Bite              |     2 |     2 |     7 |     7 |    21 |    46 |    77 |   102 |    89 ||   353
       Punch             |       |       |       |       |       |     7 |    66 |    80 |    69 ||   222
 Cast: Freeze            |    24 |    19 |     7 |     4 |    36 |    35 |       |       |       ||   125
       Frozen Ramparts   |     3 |    23 |    38 |    62 |   206 |   192 |   116 |    41 |    26 ||   707
       Summon Ice Beast  |       |       |    50 |    70 |   281 |   297 |    25 |    17 |       ||   740
       Ozocubu's Armour  |       |       |       |    15 |    31 |     2 |       |       |       ||    48
       Metabolic Englaci |       |       |       |       |    11 |     1 |       |       |       ||    12
       Lee's Rapid Decon |       |       |       |       |    20 |     6 |    18 |     8 |     4 ||    56
       Statue Form       |       |       |       |       |    14 |   103 |   106 |    83 |    64 ||   370
       Summon Mana Viper |       |       |       |       |       |   373 |   216 |   172 |    25 ||   786
       Summon Forest     |       |       |       |       |       |    24 |    10 |    12 |       ||    46
       Dragon Form       |       |       |       |       |       |     1 |       |       |       ||     1
       Tornado           |       |       |       |       |       |     1 |       |       |       ||     1
       Ozocubu's Refrige |       |       |       |       |       |       |    37 |    26 |     2 ||    65
       Malign Gateway    |       |       |       |       |       |       |    15 |    47 |    12 ||    74
       Absolute Zero     |       |       |       |       |       |       |     2 |     2 |     3 ||     7
       Death's Door      |       |       |       |       |       |       |     1 |     2 |     3 ||     6
       Ignition          |       |       |       |       |       |       |     1 |       |       ||     1
       Shadow Creatures  |       |       |       |       |       |       |       |     1 |    81 ||    82
       Apportation       |       |       |       |       |       |       |       |       |     3 ||     3
       Passage of Golubr |       |       |       |       |       |       |       |       |     3 ||     3
Invok: Channel Magic     |       |       |     1 |       |     1 |     8 |     1 |     1 |       ||    12
       Divine Exegesis   |       |       |       |       |       |     1 |     4 |     4 |     6 ||    15
 Abil: End Transformatio |       |       |       |       |       |     1 |     3 |       |     2 ||     6
Evoke: Wand              |       |       |    28 |    24 |    94 |    55 |    19 |    18 |     8 ||   246
       Box of beasts     |       |       |       |     1 |     5 |    21 |     6 |     5 |     5 ||    43
       Condenser vane    |       |       |       |       |     1 |     9 |     1 |     2 |     1 ||    14
       Tin of tremorston |       |       |       |       |       |     8 |     1 |       |       ||     9
       Phantom mirror    |       |       |       |       |       |     2 |     1 |       |       ||     3
       Lightning rod     |       |       |       |       |       |       |       |     4 |       ||     4
       Horn of Geryon    |       |       |       |       |       |       |       |     1 |     2 ||     3
  Use: Scroll            |       |    14 |     6 |     6 |    13 |    27 |    11 |     4 |    15 ||    96
       Potion            |       |       |     1 |       |     8 |    20 |     6 |    12 |    12 ||    59
 Stab: Sleeping          |     7 |    13 |     3 |       |     4 |    18 |    22 |    15 |     8 ||    90
       Distracted        |       |     1 |     2 |     2 |     2 |     9 |    18 |    28 |    21 ||    83
       Confused          |       |       |     1 |       |       |       |       |       |       ||     1
       Paralysed         |       |       |       |     1 |    14 |     1 |     3 |     2 |       ||    21
       Petrified         |       |       |       |       |       |       |       |     1 |     1 ||     2
Armor: Skin              |     4 |     6 |     7 |    15 |   191 |   735 |   447 |   380 |   330 ||  2115
Dodge: Dodged            |    41 |    77 |    91 |   135 |  1079 |  2480 |  1628 |  1673 |  1608 ||  8812
Block: Other             |       |       |       |       |       |       |       |    79 |     7 ||    86
       Reflection        |       |       |       |       |       |       |       |     1 |       ||     1

Table legend: (Time is in decaauts)
 A = Elapsed time spent in this place.
 B = Non-inter-level travel time spent in this place.
 C = Inter-level travel time spent in this place.
 D = Time resting spent in this place.
 E = Time spent auto-exploring this place.
 F = Levels seen in this place.
 G = Mean time per level.
                   A        B        C        D        E       F      G
               +--------+--------+--------+--------+--------+-----+--------+
         Total |  87775 |  83597 |   4178 |  27621 |  26019 |  87 | 1008.9 |
       Dungeon |  14039 |  12862 |   1177 |   3196 |   5862 |  15 |  935.9 |
        Temple |     51 |     29 |     22 |      0 |      0 |   1 |   51.0 |
          Lair |   7951 |   7112 |    839 |   1814 |   3012 |   6 | 1325.2 |
         Swamp |   3802 |   3679 |    123 |   1019 |   1098 |   4 |  950.5 |
   Spider Nest |   5528 |   5303 |    225 |   1571 |   1521 |   4 | 1382.0 |
    Slime Pits |   1856 |   1805 |     51 |   1124 |     13 |   5 |  371.2 |
  Orcish Mines |   2524 |   2404 |    120 |    745 |    751 |   2 | 1262.0 |
   Elven Halls |   5755 |   5601 |    154 |   2125 |   1510 |   3 | 1918.3 |
        Vaults |  12507 |  12201 |    306 |   4868 |   3811 |   5 | 2501.4 |
         Crypt |   5035 |   4905 |    130 |   1795 |   1754 |   3 | 1678.3 |
        Depths |  10561 |   9933 |    628 |   3817 |   3026 |   5 | 2112.2 |
          Hell |    911 |    888 |     23 |    158 |    293 |   1 |  911.0 |
      Tartarus |    171 |    171 |      0 |     15 |      0 |   2 |   85.5 |
           Zot |   6580 |   6206 |    374 |   2504 |   1944 |   5 | 1316.0 |
         Abyss |    666 |    666 |      0 |    113 |    112 |   4 |  166.5 |
   Pandemonium |   7115 |   7115 |      0 |   1794 |    594 |  19 |  374.5 |
         Trove |     85 |     85 |      0 |      0 |     38 |   1 |   85.0 |
      Ice Cave |    894 |    894 |      0 |    347 |    249 |   1 |  894.0 |
    Desolation |   1735 |   1735 |      0 |    611 |    425 |   1 | 1735.0 |
               +--------+--------+--------+--------+--------+-----+--------+

Top non-repeatable levels by time:
Vaults:5: 3197 daAuts
Vaults:3: 2834 daAuts
Depths:3: 2780 daAuts
Depths:4: 2572 daAuts
   Elf:3: 2544 daAuts
Vaults:4: 2433 daAuts
   Zot:2: 2285 daAuts
Vaults:2: 2265 daAuts
   Elf:1: 2136 daAuts
 Crypt:3: 1983 daAuts
Depths:5: 1970 daAuts
  Lair:6: 1969 daAuts
Depths:1: 1889 daAuts
Spider:4: 1883 daAuts
   Orc:2: 1882 daAuts
